 Dungeon Crawl Stone Soup version 0.31.0-12-g77e489cdc1 (webtiles) character file.

Game seed: 1350127293129960175

479 GeoRichter the Ruffian (level 6, -1/48 HPs)
             Began as a Draconian Shapeshifter on Feb 20, 2024.
             Was a Follower of Cheibriados.
             Succumbed to a water moccasin's poison
             ... on level 4 of the Dungeon.
             The game lasted 00:05:36 (1839 turns).

GeoRichter the Ruffian (Draconian Shapeshifter)     Turns: 1839, Time: 00:05:37

Health: -1/48      AC:  6    Str: 19    XL:     6   Next: 86%
Magic:  6/6        EV: 12    Int: 12    God:    Cheibriados [*.....]
Gold:   104        SH:  0    Dex: 14    Spells: 5/5 levels left

rFire   . .          .
                       - Unarmed
rCold   x . .        (no shield)
rNeg    . . .        (body armour unavailable)
rPois   .            (helmet currently unavailable)
rElec   .            (cloak currently unavailable)
rCorr   .            (gloves currently unavailable)
SInv    .            (boots currently unavailable)
Will    .....        (no amulet)
Stlth   +            (no ring)
HPRegen 0.28/turn    (no ring)
MPRegen 0.10/turn

%: no passive effects
@: lethally poisoned (-1 -> -9), beast-form, very slow
A: beast (slay +1), AC +6, unfitting armour, cold-blooded, wild magic 1,
evolution 1, cold vulnerability 1
a: Begin Untransformation, Renounce Religion, Bend Time


You were on level 4 of the Dungeon.
You worshipped Cheibriados.
Cheibriados was aware of your devotion.
You were a hulking beast.
You visited 2 branches of the dungeon, and saw 7 of its levels.

You collected 104 gold pieces.

Inventory:

Armour
 f - a +0 cloak
   (You found it on level 1 of the Dungeon)
Talismans
 b - a beast talisman
 c - a flux talisman
Wands
 d - a wand of charming (5)
   (You took it off Ijyb on level 3 of the Dungeon)


   Skills:
 - Level 2.0 Fighting
 - Level 1.7 Dodging
 * Level 7.5 Unarmed Combat
 - Level 3.3 Shapeshifting


You had 5 spell levels left.
You didn't know any spells.
Your spell library contained the following spells:

 Spells                   Type           Power      Damage    Failure   Level
 Sandblast                Erth           0%         2d4       41%         1
 Slow                     Hex            0%         N/A       41%         1
 Confusing Touch          Hex            0%         N/A       77%         3
 Passwall                 Erth           0%         N/A       77%         3
 Sigil of Binding         Hex            0%         N/A       77%         3
 Stone Arrow              Conj/Erth      0%         3d7       77%         3
 Vampiric Draining        Necr           0%         2d6       77%         3
 Brom's Barrelling Bould  Conj/Erth      0%         2d3       98%         4


Dungeon Overview and Level Annotations

Branches:
Dungeon (6/15) Zot: 40387  Temple (1/1) D:6 Zot: 8869

Altars:
Ashenzari
Cheibriados
Fedhas
Gozag
Hepliaklqana
Nemelex Xobeh
Okawaru
Qazlal
Sif Muna
Trog
Uskayaw
Vehumet
Wu Jian
Yredelemnul
Zin
The Shining One

Shops:
D:4 *:

Annotations:
D:2 Natasha, Terence


Innate Abilities, Weirdness & Mutations

You are a hulking beast.
Your limbs bulge with bestial killing power. (Slay +1)
Your plain brown scales are hard. (AC +6)
You cannot fit into any form of body armour.
You are cold-blooded and may be slowed by cold attacks.
Your spells are a little harder to cast, but a little more powerful.
You have hidden genetic potential.
You are vulnerable to cold. (rC-)


Message History

The ball python constricts you.
You closely miss the water moccasin.
The water moccasin is almost dead.
You feel sick. The water moccasin barely misses you.
The ball python barely misses you. The ball python constricts you.
You hit the water moccasin.
The water moccasin is almost dead.
You feel sick. The water moccasin barely misses you.
The ball python bites you but does no damage.
The ball python constricts you.
You barely miss the water moccasin.
The water moccasin is almost dead.
You feel sick. The water moccasin bites you!
* * * LOW HITPOINT WARNING * * *
You are more poisoned.
The water moccasin poisons you! The ball python barely misses you.
The ball python constricts you.
* * * LOW HITPOINT WARNING * * *
The water moccasin bites you.
* * * LOW HITPOINT WARNING * * *
You hit the water moccasin.
You kill the water moccasin!
Cheibriados appreciates the change of pace.
* * * LOW HITPOINT WARNING * * *
You feel sick. The ball python barely misses you.
The ball python constricts you.
* * * LOW HITPOINT WARNING * * *
Your Unarmed Combat skill increases to level 7!
Okay, then.
You aren't carrying any scrolls.
Unknown command.
Okay, then.
Okay, then.
Okay, then.
You completely miss the ball python. You tail-slap the ball python.
You kill the ball python!
Cheibriados appreciates the change of pace.
* * * LOW HITPOINT WARNING * * *
You feel very sick.
You feel extremely strange.
You feel a hidden potential growing inside you.
You feel vulnerable to cold.
You feel less in control of your magic.
* * * LOW HITPOINT WARNING * * *
You feel sick.
You aren't carrying any scrolls.
* * * LOW HITPOINT WARNING * * *
You feel sick.
You aren't carrying any potions.
Unknown command.
You die...

##...## ####..## ##
.. .###....##.....
..# .....#[.# .....
.....###.<..##.....
..... ##.#......#
...# #.#.##.#.#
####..# #.#.##.#
.......##...h..#
.≈≈≈≈≈........##
.....≈..#####'#
≈≈≈≈.≈... #...#
...≈.≈..## #.∩.#
.≈.≈.≈..# #...#
.≈_≈.≈..# ##+##
.≈≈≈.≈..# .....≈..#


There were no monsters in sight!

Vanquished Creatures
  Menkaure (D:6)
  A water moccasin (D:4)
  A bullfrog (D:6)
  3 hounds (D:6)
  Ijyb (D:3)
  2 adders
  A shadow imp (D:6)
  2 ufetubi (D:6)
  A dart slug (D:2)
  A ribbon worm (D:3)
  2 endoplasms
  3 giant cockroaches
  5 goblins
  4 hobgoblins
  4 kobolds
  2 quokkas (D:1)
  6 ball pythons
  6 bats
  A frilled lizard (D:1)
  2 rats (D:1)
49 creatures vanquished.

Notes
Turn   | Place    | Note
-------+----------+-------------------------------------------
     0 | D:1      | GeoRichter the Draconian Shapeshifter began the quest for
                  | the Orb.
     0 | D:1      | Reached XP level 1. HP: 16/16 MP: 1/1
   119 | D:1      | Reached XP level 2. HP: 23/23 MP: 2/2
   809 | D:2      | Noticed Terence
   903 | D:2      | Reached XP level 3. HP: 19/29 MP: 3/3
  1020 | D:2      | Noticed Natasha
  1144 | D:3      | Found a glowing silver altar of Zin.
  1145 | D:3      | Noticed Ijyb
  1199 | D:3      | Killed Ijyb
  1200 | D:3      | Reached skill level 4 in Unarmed Combat
  1200 | D:3      | Reached XP level 4. HP: 29/36 MP: 4/4
  1285 | D:3      | You fall into a shaft and drop 3 floors!
  1294 | D:6      | Found a staircase to the Ecumenical Temple.
  1301 | Temple   | Entered the Ecumenical Temple
  1372 | Temple   | Became a worshipper of Cheibriados the Contemplative
  1412 | D:6      | Reached skill level 5 in Unarmed Combat
  1438 | D:6      | Noticed Menkaure
  1448 | D:6      | Killed Menkaure
  1449 | D:6      | Reached skill level 6 in Unarmed Combat
  1449 | D:6      | Reached XP level 5. HP: 41/41 MP: 5/5
  1452 | D:6      | Reached XP level 6. HP: 48/48 MP: 6/6
  1706 | D:5      | Entered Level 5 of the Dungeon
  1747 | D:4      | Found Ufau's Book Emporium.
  1787 | D:4      | Reached * piety under Cheibriados
  1815 | D:4      | Found a sparkling altar of Nemelex Xobeh.
  1823 | D:4      | Found Nuhy Etou's Serpentskin Sales.
  1824 | D:4      | Noticed a water moccasin
  1835 | D:4      | Killed a water moccasin
  1836 | D:4      | Reached skill level 7 in Unarmed Combat
  1837 | D:4      | Gained mutation: You have hidden genetic potential. [potion
                  | of mutation]
  1837 | D:4      | Gained mutation: You are vulnerable to cold. (rC-) [potion
                  | of mutation]
  1837 | D:4      | Gained mutation: Your spells are a little harder to cast,
                  | but a little more powerful. [potion of mutation]
  1837 | D:4      | HP: 2/48 [poisoned by a water moccasin]
  1839 | D:4      | Succumbed to a water moccasin's poison

Illustrated notes

Levels and vault maps discovered:
D:1:      dpeg_arrival_boxes_within_box, layout_loops_cross
D:2:      layout_rooms, dk_noncrumbling_4, uniq_natasha, uniq_robin,
          uniq_terence
D:3:      layout_basic, nicolae_overflow_crystal_walls, uniq_ijyb
D:4:      layout_loops_cross, mainiacjoe_overflow_catwalk_spiral,
          mainiacjoe_overflow_chevrons, portal_sewer_entry_f, serial_shops,
          shop, guppyfry_shop_venom
D:5:      layout_cave_pools
D:6:      layout_basic, mainiacjoe_overflow_alcove_1,
          minmay_temple_entry_gardened_gates, uniq_edmund, uniq_maggie,
          uniq_menkaure
Temple:   nicolae_temple_superstar

Skill      XL: |  1  2  3  4  5  6 |
---------------+-------------------+-----
Fighting       | 2 |  2.0
Unarmed Combat | 4 6 7 |  7.5
Dodging        | |  1.7
Shapeshifting  | |  3.3

Action                     |  1- 3 |  4- 6 || total
---------------------------+-------+-------++-------
  Melee: Unarmed           |   107 |    66 ||   173
         Tailslap          |     9 |     4 ||    13
         Punch             |     1 |     1 ||     2
    Use: Scroll            |     2 |     1 ||     3
         Potion            |       |     6 ||     6
   Stab: Sleeping          |       |     2 ||     2
 Armour: Skin              |    45 |    49 ||    94
  Dodge: Dodged            |    84 |    44 ||   128
